 Dungeon Crawl Stone Soup version 0.22-a0-253-gf9d0ce5 (webtiles) character file.

8724 b5mith the Basher (level 11, 0/148 HPs)
             Began as a Minotaur Berserker on Mar 3, 2018.
             Was a High Priest of Trog.
             Splashed by an oklob plant's acid (11 damage)
             ... on level 10 of the Dungeon.
             The game lasted 00:24:56 (9388 turns).

b5mith the Basher (Minotaur Berserker)              Turns: 9388, Time: 00:24:57

Health: 0/148      AC: -4    Str: 30    XL:     11   Next: 13%
Magic:  10/10      EV: 15    Int:  4    God:    Trog [*****.]
Gold:   263        SH:  0    Dex: 10    Spells: 10/10 levels left

rFire    . . .     SeeInvis +   s - +2 morningstar (holy)
rCold    . . .     Gourm    .   (no shield)
rNeg     . . .     Faith    .   r - +0 ring mail
rPois    .         Spirit   .   (helmet restricted)
rElec    .         Reflect  .   H - +0 cloak
rCorr    .         Harm     .   L - +0 pair of gloves
MR       .....                  y - +0 pair of boots
Stlth    ..........             (no amulet)
HPRegen  0.34/turn              B - ring of see invisible
MPRegen  0.12/turn              (no ring)

@: berserking, corroded, very quick
A: retaliatory headbutt, horns 2
a: Berserk, Trog's Hand, Brothers in Arms, Renounce Religion


You were on level 10 of the Dungeon.
You worshipped Trog.
Trog was extremely pleased with you.
You were very hungry.

You visited 1 branch of the dungeon, and saw 10 of its levels.

You collected 443 gold pieces.
You spent 180 gold pieces at shops.

Inventory:

Hand Weapons
 a - a +0 falchion
 s - a +2 morningstar of holy wrath (weapon)
 v - a +0 club
 Q - the +10 great mace of Power {vamp, rPois rC+ Str+4, unknown}
   (Trog gifted it to you on level 9 of the Dungeon)

   It inflicts no extra harm, but heals its wielder when it wounds a living foe.
   It affects your strength (+4).
   It protects you from cold.
   It protects you from poison.
Missiles
 o - 9 tomahawks (quivered)
 x - 2 silver javelins
 I - 6 tomahawks of returning
 M - 6 javelins
 N - 7 poisoned tomahawks
Armour
 b - a +0 animal skin
 r - a +0 ring mail (worn)
 y - a +0 pair of boots (worn)
 H - a +0 cloak (worn)
 K - a +0 buckler
 L - a +0 pair of gloves (worn)
Jewellery
 B - a ring of see invisible (left hand)
 R - an uncursed ring of resist corrosion {unknown}
Wands
 w - a wand of acid (5)
 F - a wand of iceblast (11)
 G - a wand of digging (19)
Scrolls
 d - 6 scrolls of enchant weapon
 i - 5 scrolls of teleportation
 j - 2 scrolls of remove curse {@r2}
 l - a scroll of random uselessness {unknown}
 n - a scroll of magic mapping {unknown}
 q - 2 scrolls of amnesia
 t - 10 scrolls of blinking
 u - a scroll of fear {unknown}
 A - 2 scrolls of noise {unknown}
 D - a scroll of immolation {unknown}
 E - 2 scrolls of enchant armour {unknown}
 J - a scroll of vulnerability {unknown}
 O - a scroll of fog {unknown}
 P - a scroll of identify {@r1}
 S - a scroll of holy word {unknown}
Potions
 e - 2 potions of cancellation
 f - 2 potions of flight {unknown}
 g - a potion of degeneration {unknown}
 h - a potion of invisibility {unknown}
 k - a potion of mutation {unknown}
 m - 2 potions of heal wounds {unknown}
 p - a potion of lignification {unknown}
 z - 4 potions of brilliance
Comestibles
 c - 17 rations
 C - 10 chunks of flesh


   Skills:
 - Level 9.9 Fighting
 - Level 4.6 Long Blades
 * Level 12.5 Maces & Flails
 - Level 9.5 Armour
 - Level 8.8 Dodging


You had 10 spell levels left.
You didn't know any spells.

Dungeon Overview and Level Annotations

Branches:
Dungeon (10/15)            Temple (0/1) D:4            Lair (0/6) D:10
    Orc (0/2) D:9

Altars:
Ashenzari
Kikubaaqudgha
The Shining One
Beogh

Shops:
D:6 =   D:7 :   D:9 %   D:10 (

Annotations:
D:10 exclusion: oklob plant


Innate Abilities, Weirdness & Mutations

You reflexively headbutt those who attack you in melee.
You have a pair of horns on your head.


Message History

You feel yourself moving faster!
You feel mighty!
You are feeling very hungry.
The oklob plant spits acid at you. The splash of acid hits you!
* * * LOW HITPOINT WARNING * * *
The acid corrodes you!
You are splashed with acid!
The acid burns!
* * * LOW HITPOINT WARNING * * *
You impale the oklob plant!!
You destroy the oklob plant!
Trog accepts your kill.
You hit the oklob plant. You headbutt the oklob plant!
The oklob plant is moderately damaged.
You hit the oklob plant.
You headbutt the oklob plant, but do no damage.
The oklob plant is heavily damaged.
The oklob plant spits acid at you. The splash of acid hits you!
* * * LOW HITPOINT WARNING * * *
You are splashed with acid!
The acid burns!
You die...

#.#### ..# ... ..≈.. ..#
### .....#...# ...#
....##...##...
#.#...PPP...#
#.#≈.PP>P..≈#
#.#..PPPPP..
##########...##..P# .
........##....#.@.#....
............#...≈...#
........##...#######...#
........###### #.#
........# . #########


You could see an oklob plant.

Vanquished Creatures
  Erica (D:9)
  3 two-headed ogres
  The ghost of Tristus the Cleaver, a novice MiBe of Trog (D:6)
  A deep elf mage (D:7)
  An oklob plant (D:10)
  A gargoyle (D:8)
  Prince Ribbit (D:5)
  3 yaks (D:10)
  A hungry ghost (D:10)
  A black bear (D:6)
  6 orc warriors (D:9)
  A necrophage (D:8)
  A sky beast (D:9)
  5 ogres
  2 centaurs
  Blork the orc (D:6)
  9 bullfrogs
  A wyvern zombie (D:10)
  2 scorpions
  A wyvern skeleton (D:9)
  3 wights (D:8)
  3 howler monkeys (D:7)
  A crimson imp (D:6)
  2 quasits
  4 bullfrog zombies
  A jelly (D:7)
  6 orc priests
  A gnoll shaman (D:5)
  7 hounds
  3 orc wizards
  A centaur skeleton (D:6)
  3 bullfrog skeletons
  2 iguanas
  5 worker ants
  A hound zombie (D:8)
  A hound skeleton (D:6)
  A howler monkey zombie (D:5)
  4 gnolls
  A howler monkey skeleton (D:10)
  16 adders
  3 adder skeletons
  3 worms
  A dart slug (D:2)
  6 leopard geckos
  39 orcs
  2 ball pythons
  8 bats
  10 giant cockroaches
  7 goblins
  7 hobgoblins
  13 jackals
  11 kobolds
  3 quokkas
  A ball python skeleton (D:5)
  3 frilled lizards
  A jackal zombie (D:7)
  2 leopard gecko skeletons
  5 rats
  3 bushes (D:3)
  8 plants
245 creatures vanquished.

Notes
Turn   | Place    | Note
-------+----------+-------------------------------------------
     0 | D:1      | b5mith the Minotaur Berserker began the quest for the Orb.
     0 | D:1      | Reached XP level 1. HP: 19/19 MP: 0/0
   362 | D:1      | Reached XP level 2. HP: 21/27 MP: 1/1
   572 | D:2      | Reached XP level 3. HP: 18/33 MP: 2/2
  1347 | D:2      | Reached XP level 4. HP: 41/41 MP: 3/3
  1431 | D:2      | Reached ** piety under Trog
  1806 | D:3      | Reached XP level 5. HP: 42/47 MP: 4/4
  2094 | D:3      | Reached skill level 1 in Maces & Flails
  2235 | D:3      | Reached *** piety under Trog
  2387 | D:4      | Reached skill level 2 in Maces & Flails
  2584 | D:4      | Reached skill level 5 in Fighting
  2698 | D:4      | Reached XP level 6. HP: 56/56 MP: 5/5
  2832 | D:4      | Found a staircase to the Ecumenical Temple.
  2953 | D:4      | Reached skill level 3 in Maces & Flails
  3260 | D:5      | Entered Level 5 of the Dungeon
  3298 | D:5      | Found a shattered altar of Ashenzari.
  3299 | D:5      | Noticed Prince Ribbit
  3308 | D:5      | Killed Prince Ribbit
  3308 | D:5      | Reached skill level 4 in Maces & Flails
  3308 | D:5      | Reached XP level 7. HP: 17/62 MP: 6/6
  3539 | D:5      | Reached skill level 5 in Armour
  3820 | D:5      | Reached skill level 5 in Maces & Flails
  4424 | D:5      | Reached skill level 5 in Dodging
  4616 | D:6      | Noticed Blork the orc
  4618 | D:6      | Reached XP level 8. HP: 40/71 MP: 7/7
  4624 | D:6      | Killed Blork the orc
  4624 | D:6      | Reached skill level 6 in Maces & Flails
  4846 | D:6      | Reached **** piety under Trog
  4915 | D:6      | Found Seon's Jewellery Emporium.
  4932 | D:6      | Noticed Tristus's ghost (novice MiBe)
  4948 | D:6      | Killed Tristus's ghost
  4948 | D:6      | Reached skill level 7 in Maces & Flails
  5226 | D:6      | Bought an uncursed ring of see invisible for 180 gold pieces
  5303 | D:6      | Found a glowing golden altar of the Shining One.
  5492 | D:7      | Reached skill level 8 in Maces & Flails
  5492 | D:7      | Reached XP level 9. HP: 79/79 MP: 8/8
  5623 | D:7      | Found Guor's Book Emporium.
  5676 | D:7      | Found an ancient bone altar of Kikubaaqudgha.
  5716 | D:7      | Noticed a deep elf mage
  5717 | D:7      | Noticed a demonic crawler
  5724 | D:7      | Killed a deep elf mage
  5936 | D:7      | Reached skill level 9 in Maces & Flails
  6660 | D:8      | Reached ***** piety under Trog
  6737 | D:8      | Noticed a gargoyle
  6751 | D:8      | Killed a gargoyle
  7122 | D:8      | Noticed a two-headed ogre
  7127 | D:8      | Killed a two-headed ogre
  7127 | D:8      | Reached skill level 10 in Maces & Flails
  7127 | D:8      | Reached XP level 10. HP: 46/90 MP: 9/9
  7673 | D:9      | Found Fuix's Food Emporium.
  7899 | D:9      | Noticed a two-headed ogre
  7906 | D:9      | Killed a two-headed ogre
  7906 | D:9      | Reached skill level 11 in Maces & Flails
  8234 | D:9      | Noticed a two-headed ogre
  8245 | D:9      | Killed a two-headed ogre
  8299 | D:9      | Noticed Erica
  8319 | D:9      | Killed Erica
  8737 | D:9      | Received a gift from Trog
  8742 | D:9      | Got a bone great mace {god gift}
  8788 | D:9      | Found a roughly hewn altar of Beogh.
  8788 | D:9      | Found a staircase to the Orcish Mines.
  9090 | D:10     | Entered Level 10 of the Dungeon
  9180 | D:10     | Reached skill level 12 in Maces & Flails
  9180 | D:10     | Reached XP level 11. HP: 89/99 MP: 10/10
  9333 | D:10     | Found Tiranam's Antique Weapon Boutique.
  9374 | D:10     | Found a staircase to the Lair.
  9377 | D:10     | Noticed an oklob plant
  9379 | D:10     | Noticed an oklob plant
  9385 | D:10     | Killed an oklob plant
  9388 | D:10     | Splashed by an oklob plant's acid

Vault maps used:
D:1:      dpeg_arrival_orchard
D:2:      first_ration
D:3:      lexackson_kobold_supper
D:4:      temple_statues
D:5:      basic_altar, uniq_prince_ribbit1
D:6:      serial_shops, kennysheep_mini_moat, tso_altar, uniq_blork_the_orc
D:7:      kiku_gazebo_pond_becter, serial_shops, nicolae_shop_stone,
          guppyfry_early_elven_hall
D:9:      david_orc_5, serial_shops, nicolae_shop_stone, uniq_erica
D:10:     dpeg_oklobed_lair, serial_shops, shop

Skill      XL: |  1  2  3  4  5  6  7  8  9 10 |
---------------+-------------------------------+-----
Fighting       | 4 5 6 7 8 9 |  9.9
Long Blades    | 4 |  4.6
Armour         | 3 4 5 6 8 9 |  9.5
Dodging        | 3 4 5 6 7 8 |  8.8
Maces & Flails | 2 4 5 8 10 12 | 12.5

Action                   |  1- 3 |  4- 6 |  7- 9 | 10-12 || total
-------------------------+-------+-------+-------+-------++-------
Melee: Falchion          |   114 |    34 |       |       ||   148
       Headbutt          |    34 |    65 |    40 |    36 ||   175
       Morningstar       |       |   194 |   181 |   171 ||   546
       Mace              |       |       |    48 |       ||    48
Throw: Tomahawk          |       |       |     6 |    21 ||    27
       Javelin           |       |       |       |     3 ||     3
Invok: Berserk           |       |     2 |     3 |     4 ||     9
  Use: Scroll            |       |       |     7 |     2 ||     9
       Potion            |       |       |     1 |     1 ||     2
 Stab: Sleeping          |     3 |       |       |       ||     3
  Eat: Chunk             |     1 |     8 |    16 |    11 ||    36
       Ration            |       |       |       |     1 ||     1
Armor: Animal skin       |    15 |     4 |       |       ||    19
       Ring mail         |       |    48 |    83 |    39 ||   170
Dodge: Dodged            |    40 |   107 |   167 |    84 ||   398
Block: Buckler           |       |       |    11 |    12 ||    23
       Rpst.: Falchion   |     8 |    10 |       |       ||    18

Table legend:
 A = Spawn XP
 B = Non-spawn XP
 C = Spawn XP percentage of total XP
 D = Spawn monster count
 E = Non-spawn monster count
 F = Spawn count percentage of total count
 G = Total turns spent on level
                    A         B        C        D         E        F      G
               +---------+---------+-------+---------+---------+-------+---------
         Total |       0 |   12463 |   0.0 |       0 |     234 |   0.0 |  9388
               +---------+---------+-------+---------+---------+-------+---------
           D:1 |       0 |      29 |   0.0 |       0 |      10 |   0.0 |   535
           D:2 |       0 |     109 |   0.0 |       0 |      28 |   0.0 |  1017
           D:3 |       0 |      99 |   0.0 |       0 |      31 |   0.0 |   818
           D:4 |       0 |     376 |   0.0 |       0 |      25 |   0.0 |   890
           D:5 |       0 |     688 |   0.0 |       0 |      21 |   0.0 |  1307
           D:6 |       0 |    1474 |   0.0 |       0 |      21 |   0.0 |   920
           D:7 |       0 |    1533 |   0.0 |       0 |      26 |   0.0 |  1122
           D:8 |       0 |    2315 |   0.0 |       0 |      20 |   0.0 |  1064
           D:9 |       0 |    4011 |   0.0 |       0 |      40 |   0.0 |  1417
          D:10 |       0 |    1829 |   0.0 |       0 |      12 |   0.0 |   298
               +---------+---------+-------+---------+---------+-------+---------
